 Dungeon Crawl Stone Soup version 0.18.1-47-g9310371 (webtiles) character file.

774 Quirk the Covered (level 7, -8/61 HPs)
             Began as a Minotaur Fighter on June 16, 2016.
             Mangled by a troll (13 damage)
             ... on level 5 of the Dungeon.
             The game lasted 00:11:15 (3699 turns).

Quirk the Covered (Minotaur Fighter)                Turns: 3699, Time: 00:11:16

Health: -8/61      AC:  8    Str: 28    XL:     7   Next: 53%
Magic:  6/6        EV:  9    Int:  5    God:
Gold:   94         SH: 11    Dex:  9    Spells: 0 memorised, 6 levels left

rFire  . . .     SeeInvis .     a - +0 war axe
rCold  . . .     Gourm    .     b - +0 scale mail
rNeg   . . .     Faith    .     c - +0 shield
rPois  .         Spirit   .     (helmet restricted)
rElec  .         Dismiss  .     l - +0 cloak
rCorr  .         Reflect  .     (no gloves)
SustAt .         Harm     .     (no boots)
MR     .....                    (no amulet)
Stlth  ..........               (no ring)
                                (no ring)

@: mighty, not resistant to hostile enchantments, extremely unstealthy
A: retaliatory headbutt, horns 2
a: no special abilities


You were on level 5 of the Dungeon.
You were very hungry.

You visited 1 branch of the dungeon, and saw 5 of its levels.

You collected 94 gold pieces.

Inventory:

Hand Weapons
 a - a +0 war axe (weapon)
Missiles
 q - 8 silver javelins (quivered)
Armour
 b - a +0 scale mail (worn)
 c - a +0 shield (worn)
 l - a +0 cloak (worn)
Scrolls
 h - 3 scrolls of identify {unknown}
 i - 4 scrolls of random uselessness {unknown}
 j - 3 scrolls of remove curse {unknown}
 k - a scroll of enchant weapon {unknown}
 o - a scroll of fear {unknown}
Potions
 m - a potion of heal wounds {unknown}
 n - a potion of curing {unknown}
 p - a potion of brilliance {unknown}
 s - a potion of magic {unknown}
Comestibles
 f - 4 bread rations
 g - a fruit
 r - a meat ration


   Skills:
 + Level 5.6 Fighting
 + Level 5.0 Axes
 + Level 5.8 Armour
 + Level 3.9 Dodging
 + Level 5.8 Shields


You had 6 spell levels left.
You didn't know any spells.

Dungeon Overview and Level Annotations

Branches:
Dungeon (5/15)
 Temple: D:4-7

Altars:
Dithmenos
Elyvilon

Shops:
D:4 %


Innate Abilities, Weirdness & Mutations

You reflexively headbutt those who attack you in melee.
You have a pair of horns on your head.


Message History

You slash the troll!
You headbutt the troll, but do no damage.
The troll is heavily wounded.
You block the troll's attack. The troll misses you. The troll claws you.
* * * LOW HITPOINT WARNING * * *
Drink which item? (? for menu, Esc to quit)
You feel very mighty all of a sudden. The troll bites you.
* * * LOW HITPOINT WARNING * * *
The troll claws you but does no damage. The troll claws you.
* * * LOW HITPOINT WARNING * * *
You closely miss the troll. Your headbutt misses the troll.
The troll is heavily wounded.
You block the troll's attack. The troll closely misses you.
You block the troll's attack.
You hit the troll. You headbutt the troll!
The troll is almost dead.
You block the troll's attack. x2; The troll claws you but does no damage.
The freed slave hits the troll.
The troll bites you!
You die...

#..........#
#########.##.####
#...#####.#.....#
#.#.#.#...#####.#
##.....#.### #.#
#....###.# ###.#
#....#...# #...#
#......#######.###
#...)### #pT@.#
#....# #.####
###### #.pp....#
....r...#
p........#
.p........+
...........#
#[........§§.
##########§§§


You could see a troll and a neutral freed slave (wandering).

Vanquished Creatures
  Pikel (D:5)
  An ogre (D:5)
  A howler monkey (D:4)
  A crimson imp (D:5)
  2 worker ants (D:4)
  Robin (D:2)
  5 adders
  An ooze (D:1)
  2 worms (D:2)
  4 giant geckos
  3 giant cockroaches
  4 hobgoblins
  13 jackals (D:1)
  A quokka (D:3)
  A ball python (D:2)
  5 bats
  6 giant newts
  14 goblins
  6 kobolds
  11 rats
83 creatures vanquished.

Vanquished Creatures (others)
  A slave (D:5)
  A quokka (D:5)
2 creatures vanquished.

Grand Total: 85 creatures vanquished

Notes
Turn   | Place    | Note
--------------------------------------------------------------
     0 | D:1      | Quirk the Minotaur Fighter began the quest for the Orb.
     0 | D:1      | Reached XP level 1. HP: 19/19 MP: 0/0
   166 | D:1      | Reached XP level 2. HP: 20/27 MP: 1/1
   397 | D:1      | Reached skill level 1 in Dodging
   471 | D:1      | Reached XP level 3. HP: 33/33 MP: 2/2
  1339 | D:2      | Found a white marble altar of Elyvilon.
  1425 | D:2      | Noticed Robin
  1427 | D:2      | Reached XP level 4. HP: 37/40 MP: 3/3
  1447 | D:2      | Killed Robin
  2263 | D:3      | Found a shadowy altar of Dithmenos.
  2882 | D:4      | Found Tualaaha's Food Shop.
  2928 | D:4      | Reached XP level 5. HP: 47/47 MP: 4/4
  3179 | D:5      | Entered Level 5 of the Dungeon
  3196 | D:5      | Noticed an ogre
  3200 | D:5      | HP: 1/47 [ogre/giant club (12)]
  3202 | D:5      | Killed an ogre
  3202 | D:5      | Reached skill level 5 in Armour
  3202 | D:5      | Reached skill level 5 in Shields
  3202 | D:5      | Reached XP level 6. HP: 1/53 MP: 5/5
  3664 | D:5      | Found a shadowy altar of Dithmenos.
  3664 | D:5      | Noticed Pikel
  3664 | D:5      | Noticed a slave
  3664 | D:5      | Noticed a slave
  3664 | D:5      | Noticed a slave
  3664 | D:5      | Noticed a slave
  3664 | D:5      | Noticed a troll
  3688 | D:5      | Killed Pikel
  3688 | D:5      | Reached skill level 5 in Fighting
  3688 | D:5      | Reached skill level 5 in Axes
  3688 | D:5      | Reached XP level 7. HP: 36/61 MP: 6/6
  3699 | D:5      | Mangled by a troll

Skill      XL: |  1  2  3  4  5  6 |
---------------+-------------------+-----
Dodging        | 1 2 3 |  3.9
Fighting       | 4 5 |  5.6
Shields        | 4 5 |  5.8
Armour         | 4 5 |  5.8
Axes           | 3 5 |  5.0

Action                   |  1- 3 |  4- 6 |  7- 9 || total
-------------------------+-------+-------+-------++-------
Melee: War axe           |    96 |   123 |     7 ||   226
       Headbutt          |    21 |    15 |     2 ||    38
  Use: Potion            |       |       |     2 ||     2
  Eat: Chunk             |     2 |     6 |       ||     8
Armor: Scale mail        |    39 |    55 |     2 ||    96
Dodge: Dodged            |    30 |    48 |    10 ||    88
Block: Shield            |    46 |    66 |    11 ||   123
